Map: Cyber Forest LE

Players

Umpalumpas - Winner!

  • Race: Terran Terran
  • Spawn Location: 11:00

Woah

  • Race: Terran Terran
  • Spawn Location: 5:00

VOD

Have the link to the VOD?

Description

Time

  • Played on: June 11, 2019, 8:59 p.m.
  • Length: 4:22
Show
View Real Time Build Order
Export as new Build Order

Umpalumpas Terran - Winner!

Build Orders:  

Get SALT Encoding   

  12  0:00  SCV  
  13  0:13  SCV  
  14  0:17  Supply Depot  
  14  0:27  SCV  
  15  0:32  Refinery  
  15  0:40  SCV  
  16  0:54  SCV  
  17  0:58  Barracks  
  17  1:02  Refinery  
  17  1:16  Barracks  
  17  1:21  SCV  
  18  1:33  SCV  
  19  1:47  Reaper  
  20  1:55  SCV  
  21  2:03  Supply Depot  
  21  2:08  Reaper  
  21  2:20  Reaper  
  22  2:35  Barracks  
  22  2:36  SCV  
  23  2:41  Reaper  
  24  2:48  SCV  
  25  2:52  Reaper  
  25  2:56  Factory  
  26  3:07  SCV, Supply Depot  
  27  3:13  Reaper  
  28  3:24  Reaper  
  29  3:45  Reaper  
Show
View Real Time Build Order
Export as new Build Order

Woah Terran 

Build Orders: Gas First Reaper Expand 

Get SALT Encoding   

  12  0:01  SCV  
  13  0:13  SCV  
  14  0:17  Supply Depot  
  14  0:27  SCV  
  15  0:30  Refinery  
  15  0:39  SCV  
  16  0:45  Barracks  
  16  0:59  SCV  
  18  1:11  SCV  
  18  1:23  SCV  
  19  1:35  Orbital Command  
  19  1:36  Reaper  
  20  1:47  Command Center  
  20  1:57  Factory  
  20  2:03  Refinery  
  20  2:05  SCV  
  21  2:18  SCV  
  21  2:20  Reaper  
  23  2:23  Supply Depot  
  23  2:44  SCV  
  24  2:56  Starport  
  24  2:57  Hellion  
  26  3:10  Reaper  
  26  3:16  Orbital Command  
  26  3:21  Factory Tech Lab  
  20  3:41  Cyclone  
  17  3:49  Reaper  
Tags
 
Matchup
TvT
Race
Terran
Replay Pack
r1
Spawn Locations
Cross Positions
Add a new tag
Caveats
  • Supply blocks, unpowered buildings, or Contaminate may cause inaccurate times.
  • Supply counts are checked every 10 seconds.